 Dungeon Crawl Stone Soup version 0.24-a0-537-g2d01d4ab0a (webtiles) character file.

Game seed: 539889402094386702

203 DasRunzen the Skirmisher (level 5, -9/42 HPs)
             Began as a Mummy Fighter on Aug 12, 2019.
             Was an Initiate of Okawaru.
             Killed from afar by an orc wizard (13 damage)
             ... with a puff of flame
             ... on level 3 of the Dungeon on Aug 13, 2019.
             The game lasted 00:04:16 (1771 turns).

DasRunzen the Skirmisher (Mummy Fighter)            Turns: 1771, Time: 00:04:16

Health: -9/42      AC:  9    Str: 20      XL:     5   Next: 51%
Magic:  5/5        EV:  7    Int:  8      God:    Okawaru [......]
Gold:   110        SH:  0    Dex: 10 (11) Spells: 4/4 levels left

rFire    x . .     SeeInvis .   a - +1 long sword
rCold    + + .     Gourm    .   c - +1 shield
rNeg     + + +     Faith    .   b - +0 scale mail
rPois    ∞         Spirit   .   (no helmet)
rElec    .         Reflect  .   (no cloak)
rCorr    .         Harm     .   (no gloves)
MR       .....                  (no boots)
Stlth    ..........             (no amulet)
HPRegen  0.14/turn              f - ring of protection from cold
MPRegen  0.09/turn              d - +3 ring of protection

@: confused
A: no food or potions, fire vulnerability, cold resistance 1, negative energy
resistance 3, torment resistance, unbreathing
a: Renounce Religion


You were on level 3 of the Dungeon.
You worshipped Okawaru.
Okawaru was noncommittal.
You were not hungry.

You visited 1 branch of the dungeon, and saw 3 of its levels.

You collected 110 gold pieces.

Inventory:

Hand Weapons
 a - a +1 long sword (weapon)
Armour
 b - a +0 scale mail (worn)
 c - a +1 shield (worn)
Jewellery
 d - a +3 ring of protection (right hand)
 e - an uncursed ring of ice
 f - a ring of protection from cold (left hand)
 g - an uncursed ring of flight
Scrolls
 h - 3 scrolls of fog
 i - 2 scrolls of teleportation


   Skills:
 + Level 4.0 Fighting
 + Level 2.7 Long Blades
 + Level 3.3 Armour
 + Level 3.3 Shields


You had 4 spell levels left.
You didn't know any spells.
Your spell library contained the following spells:

 Spells                   Type           Power        Failure   Level  Hunger
 Magic Dart               Conj           #...         99%         1    N/A
 Blink                    Tloc           N/A          100%        2    N/A
 Call Imp                 Summ           #.......     100%        2    N/A
 Slow                     Hex            #.......     100%        2    N/A
 Conjure Flame            Conj/Fire      #.......     100%        3    N/A
 Mephitic Cloud           Conj/Pois/Air  #.......     100%        3    N/A

Dungeon Overview and Level Annotations

Branches:
Dungeon (3/15)

Altars:
Hepliaklqana
Okawaru


Innate Abilities, Weirdness & Mutations

You do not eat or drink.
Your flesh is vulnerable to fire.
You are immune to poison.
Your flesh is cold resistant. (rC+)
You are immune to negative energy. (rN+++)
You are immune to unholy pain and torment.
You can survive without breathing.


Message History

The orc wizard is heavily wounded.
You block the orc wizard's attack.
Your shield and scale mail prevent you from hitting the orc wizard.
The orc wizard is heavily wounded.
You block the orc wizard's attack.
You barely miss the orc wizard.
The orc wizard is heavily wounded.
The orc wizard hits you with a +0 dagger.
* * * LOW HITPOINT WARNING * * *
You barely miss the orc wizard.
The orc wizard is heavily wounded.
You block the orc wizard's attack.
The orc wizard points at you and mumbles some strange words.
You are confused.
You bump into the rock wall.
The orc wizard barely misses you.
The orc wizard gestures at you while chanting.
You resist with some effort.
The orc wizard gestures at you while chanting.
The puff of flame hits you! The fire burns you terribly!
You die...

..... #######........
#.### ?........###### .#
######..# # #####...# ###
###.......# ..
#.........# #.
###.##...##.##
####.#####...#.....#..##
...>....o.@....._......#
.###.....###..#.....#...#
.........# ##.##...##.#.#
####.#.#####.........#.#
# #.# #.#.#...(.....#
#.##.#........#####
#####. #.#)).###.###.#.#
...... #....## ##....#.#
...... ####.#(###.#####.#


You could see an orc wizard.

Vanquished Creatures
  A quasit (D:2)
  An orc priest (D:3)
  4 gnolls (D:3)
  2 adders
  An ooze (D:2)
  An adder skeleton (D:3)
  2 worms
  6 dart slugs
  3 orcs (D:3)
  A ball python (D:1)
  7 bats
  4 giant cockroaches
  10 goblins
  4 hobgoblins
  3 kobolds
  2 quokkas
  3 frilled lizards
  4 rats
59 creatures vanquished.

Notes
Turn   | Place    | Note
-------+----------+-------------------------------------------
     0 | D:1      | DasRunzen the Mummy Fighter began the quest for the Orb.
     0 | D:1      | Reached XP level 1. HP: 18/18 MP: 1/1
   124 | D:1      | Reached XP level 2. HP: 23/24 MP: 2/2
   675 | D:2      | Reached XP level 3. HP: 24/29 MP: 3/3
   781 | D:2      | Found a hazy altar of Hepliaklqana.
   830 | D:2      | Reached XP level 4. HP: 18/36 MP: 4/4
  1566 | D:3      | Found an iron altar of Okawaru.
  1574 | D:3      | Became a worshipper of Warmaster Okawaru
  1604 | D:3      | Reached XP level 5. HP: 42/42 MP: 5/5
  1752 | D:3      | Reached skill level 4 in Fighting
  1771 | D:3      | Killed from afar by an orc wizard

Levels and vault maps discovered:
D:1:      co_arrival_square_in_a_square_in_a_square, layout_loops_ring,
          minmay_misc_feat_iff
D:2:      layout_rooms, lemuel_crystal_altar, serial_bayou_pond_d
D:3:      layout_loops_ring, okawaru_gym_becter, chequers_mini_garden,
          serial_bayou_pond_d

Skill      XL: |  1  2  3  4  5 |
---------------+----------------+-----
Long Blades    | 2 |  2.7
Armour         | 3 |  3.3
Shields        | 3 |  3.3
Fighting       | 4 |  4.0

Action                   |  1- 3 |  4- 6 || total
-------------------------+-------+-------++-------
Melee: Long sword        |   111 |   117 ||   228
  Use: Scroll            |     6 |     1 ||     7
Armor: Scale mail        |    97 |    50 ||   147
Dodge: Dodged            |    51 |    32 ||    83
Block: Shield            |    81 |    72 ||   153
       Rpst.: Long sword |    14 |    13 ||    27

Table legend:
 A = Non-vault XP
 B = Vault XP
 C = Vault XP percentage of total XP
 D = Non-vault monster count
 E = Vault monster count
 F = Vault count percentage of total count
                 A         B        C        D         E       F
            +---------+---------+-------+---------+---------+-------
      Total |     290 |       0 |   0.0 |      59 |       0 |   0.0
            +---------+---------+-------+---------+---------+-------
        D:1 |      39 |       0 |   0.0 |      19 |       0 |   0.0
        D:2 |     103 |       0 |   0.0 |      20 |       0 |   0.0
        D:3 |     148 |       0 |   0.0 |      20 |       0 |   0.0
            +---------+---------+-------+---------+---------+-------
